AoeStats
← dr. phil.

Fortress

509370286Analyzed
3v3 RM · 4d ago on Sep 26, 2026· 97m 53s· 6 players
Game mode
Random Map
Map size
Large (8 player)
Population
200
Speed
Normal
Resources
Standard
Victory
Conquest
Starting age
Dark Age
Ending age
Imperial Age
RankedLock teamsTeams togetherTeam positionsShared explorationLock speedFull tech treeHidden civsTurbo modeCheats
Victory
Defeat
🇹🇼 Persians · Taiwan
1230
+15
🇨🇳 Armenians · China
1216
+16
🇹🇼 Saxons · Taiwan
1189
+17
🇫🇷 Ethiopians · France
1229
-17
🇪🇸 Mongols · Spain
1229
-17
🇩🇪 Britons · Germany
1159
-14
hgsteven
7:49 Loom
9:34 Feudal Age
11:48 Wheelbarrow
11:00 Double-Bit Axe
11:32 Horse Collar
14:26 Castle Age
12:45 Scale Mail Armor
12:59 Gold Mining
13:53 Forging
15:50 Hand Cart
18:07 Stone Mining
24:10 Iron Casting
24:46 Bow Saw
28:35 Town Watch
30:27 Heavy Plow
32:44 Chain Mail Armor
34:11 Fletching
39:29 Imperial Age
40:00 Elite Hearth Troop
43:30 Plate Mail Armor
42:56 Bodkin Arrow
47:15 Bracer
47:16 Padded Archer Armor
47:29 Crossbowman
48:16 Thumb Ring
53:57 Two-Man Saw
60:26 Caravan
61:07 Leather Archer Armor
62:48 Pikeman
63:29 Squires
64:46 Gambesons
66:03 Arson
69:32 Gold Shaft Mining
71:26 Elite Varangian Guard
73:31 Crop Rotation
75:17 Conscription
75:40 Shield Wall
lan9892
7:45 Feudal Age
11:40 Castle Age
10:54 Double-Bit Axe
10:52 Horse Collar
17:00 Wheelbarrow
21:17 Heavy Plow
21:39 Loom
22:14 Hand Cart
25:32 Imperial Age
24:08 Gold Mining
24:33 Town Watch
24:58 Scale Barding Armor
25:45 Forging
26:04 Chain Barding Armor
26:57 Elite War Elephant
28:55 Gold Shaft Mining
29:06 Conscription
29:33 Plate Barding Armor
29:36 Iron Casting
31:18 Blast Furnace
34:20 Fletching
34:32 Padded Archer Armor
38:38 Crop Rotation
38:07 Bodkin Arrow
38:30 Leather Archer Armor
39:33 Stone Mining
41:55 Chemistry
46:53 Ring Archer Armor
46:49 Ballistics
48:54 Crossbowman
49:41 Thumb Ring
51:47 Citadels
51:41 Kamandaran
63:10 Husbandry
62:31 Light Cavalry
70:37 Bow Saw
84:40 Two-Man Saw
Hakka
8:02 Feudal Age
8:25 Man-at-Arms
8:52 Arson
9:18 Long Swordsman
10:19 Forging
10:10 Scale Mail Armor
10:24 Double-Bit Axe
10:53 Horse Collar
11:32 Loom
19:24 Castle Age
20:24 Bow Saw
20:21 Heavy Plow
21:18 Wheelbarrow
20:09 Two-Handed Swordsman
20:36 Gambesons
21:24 Gold Mining
22:00 Chain Mail Armor
22:54 Squires
23:28 Champion
25:19 Iron Casting
31:47 Imperial Age
32:37 Fereters
32:54 Conscription
32:34 Capped Ram
33:31 Siege Ram
35:17 Blast Furnace
34:56 Plate Mail Armor
35:56 Town Watch
36:20 Fletching
46:41 Ballistics
47:44 Gold Shaft Mining
48:08 Elite Composite Bowman
48:49 Bodkin Arrow
48:55 Padded Archer Armor
52:20 Leather Archer Armor
53:41 Chemistry
54:49 Bracer
55:20 Ring Archer Armor
57:25 Fortified Wall
58:00 Murder Holes
58:17 Masonry
61:15 Hand Cart
61:23 Pikeman
62:32 Stone Mining
62:24 Halberdier
63:43 Guilds
67:58 Town Patrol
68:15 Scale Barding Armor
69:10 Husbandry
69:21 Bloodlines
68:33 Light Cavalry
77:19 Chain Barding Armor
86:23 Caravan
89:46 Hoardings
Leopard
7:43 Feudal Age
11:36 Castle Age
9:32 Double-Bit Axe
9:31 Horse Collar
12:40 Fletching
13:40 Bow Saw
15:29 Heavy Plow
17:42 Bodkin Arrow
20:16 Bloodlines
20:07 Loom
20:44 Padded Archer Armor
21:46 Wheelbarrow
22:44 Ballistics
23:17 Hand Cart
23:21 Gold Mining
24:06 Stone Mining
25:36 Gold Shaft Mining
28:48 Imperial Age
26:04 Town Watch
28:09 Leather Archer Armor
28:11 Thumb Ring
28:21 Masonry
28:51 Stone Shaft Mining
28:51 Capped Ram
29:57 Conscription
29:40 Bracer
29:17 Elite Mangudai
31:32 Chemistry
30:48 Husbandry
32:24 Parthian Tactics
31:59 Light Cavalry
32:45 Scale Barding Armor
33:30 Drill
34:00 Onager
34:48 Siege Engineers
34:12 Onager
35:08 Murder Holes
36:16 Hoardings
35:25 Onager
36:26 Forging
36:01 Hussar
38:20 Chain Barding Armor
39:01 Iron Casting
42:35 Blast Furnace
41:11 Siege Ram
42:04 Fortified Wall
42:23 Nomads
43:18 Caravan
49:32 Coinage
49:20 Heavy Camel Rider
dr. phil.
2:08 Loom
7:49 Feudal Age
11:40 Castle Age
10:25 Double-Bit Axe
10:22 Horse Collar
11:21 Gold Mining
12:17 Fletching
13:26 Bodkin Arrow
17:37 Town Watch
18:24 Padded Archer Armor
18:52 Pikeman
20:16 Leather Archer Armor
21:56 Scale Mail Armor
23:02 Wheelbarrow
23:04 Stone Mining
25:22 Chain Mail Armor
25:44 Bow Saw
26:50 Fortified Wall
27:01 Ballistics
29:33 Imperial Age
31:02 Imperial Age
29:54 Fortified Wall
30:36 Ballistics
31:32 Forging
31:40 Heavy Plow
31:11 Elite Longbowman
32:07 Bracer
33:06 Squires
33:41 Plate Mail Armor
34:46 Chemistry
33:55 Halberdier
35:27 Arson
36:22 Iron Casting
44:24 Caravan
APEP
2:01 Loom
6:48 Feudal Age
7:45 Horse Collar
7:50 Double-Bit Axe
8:00 Loom
11:32 Castle Age
17:29 Bow Saw
17:33 Heavy Plow
21:18 Gold Mining
23:38 Gold Shaft Mining
27:13 Imperial Age
25:56 Scale Barding Armor
25:56 Scale Mail Armor
27:21 Forging
30:18 Chemistry
33:33 Arson
33:51 Squires
35:04 Wheelbarrow
36:20 Halberdier
39:05 Scale Barding Armor
39:38 Iron Casting
44:09 Hand Cart
45:01 Two-Man Saw
46:48 Blast Furnace
45:53 Scale Barding Armor
48:08 Royal Heirs
49:45 Chain Barding Armor
51:19 Crossbowman
52:38 Arbalester
53:41 Ballistics
53:12 Fletching
53:29 Thumb Ring
54:06 Bodkin Arrow
54:46 Bracer
55:30 Padded Archer Armor
63:09 Leather Archer Armor
62:43 Light Cavalry
63:40 Hussar
79:43 Elite Skirmisher
Connection lost

Rejoining the realm…

Still unreachable

The connection could not be restored.

Session expired

The server has moved on; the page needs a fresh start.